 Dungeon Crawl Stone Soup version 0.31-a0-152-g6aa68a64a1 (webtiles) character file.

Game seed: 2641149739708193931

55521 Elmgren the Warrior (level 14, -4/211 HPs)
             Began as a Minotaur Berserker on June 11, 2023.
             Was a High Priest of Trog.
             Slain by an orc warlord
             ... wielding a +1 long sword
              (24 damage)
             ... on level 1 of the Orcish Mines.
             The game lasted 00:38:53 (20766 turns).

Elmgren the Warrior (Minotaur Berserker)           Turns: 20766, Time: 00:38:54

Health: -4/211     AC: 30    Str: 27    XL:     14   Next: 38%
Magic:  13/13      EV: 10    Int:  4    God:    Trog [*****.]
Gold:   1521       SH:  0    Dex: 10    Spells: 13/13 levels left

rFire   . . .        G - +8 broad axe (heavy)
rCold   . . .        (no shield)
rNeg    . . .        H - +8 chain mail {ponderous}
rPois   .            (helmet restricted)
rElec   .            N - +1 cloak
rCorr   .            (no gloves)
SInv    .            I - +0 pair of boots {rampage}
Will    +....        j - amulet of the acrobat Stlth
                     B - ring of flight
HPRegen 0.55/turn    s - +4 ring of protection
MPRegen 0.13/turn

%: acrobat, rampage
@: berserking, flying, very quick
A: horns 2, retaliatory headbutt
a: Renounce Religion, Berserk, Trog's Hand, Brothers in Arms


You were on level 1 of the Orcish Mines.
You worshipped Trog.
Trog was extremely pleased with you.
You visited 4 branches of the dungeon, and saw 18 of its levels.
You also visited: Sewer.

You collected 1932 gold pieces.
You spent 411 gold pieces at shops.

Inventory:

Hand Weapons
 q - the +2 dagger "Xaowevus" {holy, rElec}
   (You found it on level 4 of the Dungeon)

   rElec:     It insulates you from electricity.
 w - a +4 hand axe
 F - a +2 broad axe of venom
 G - a +8 heavy broad axe (weapon)
Missiles
 A - 2 throwing nets (quivered)
Armour
 H - a +8 chain mail of ponderousness (worn)
 I - a +0 pair of boots of rampaging (worn)
 N - a +1 cloak (worn)
Jewellery
 j - an amulet of the acrobat (around neck)
 s - a +4 ring of protection (right hand)
 y - a ring of protection from fire
 z - a +5 ring of evasion
 B - a ring of flight (left hand)
 K - a ring of willpower
 M - a ring of ice
Wands
 p - a wand of charming (22)
 C - a wand of flame (8)
 J - a wand of iceblast (6)
 L - a wand of acid (3)
Scrolls
 a - a scroll of immolation
 e - 4 scrolls of identify
 f - 5 scrolls of fog
 m - a scroll of vulnerability
 u - 2 scrolls of fear
 v - 3 scrolls of teleportation
 D - 3 scrolls of magic mapping
 E - 2 scrolls of blinking
Potions
 b - 2 potions of ambrosia
 c - a potion of berserk rage
 d - 8 potions of curing
 g - 12 potions of degeneration
 h - 6 potions of lignification
 i - 2 potions of magic
 k - 4 potions of enlightenment
 l - a potion of invisibility
 n - 3 potions of heal wounds
 o - 2 potions of attraction
 r - 8 potions of mutation
 t - 2 potions of resistance
 x - 2 potions of might


   Skills:
 + Level 17.9 Fighting
 + Level 17.6 Axes
 + Level 17.4 Armour
 - Level 2.1 Dodging


You had 13 spell levels left.
You didn't know any spells.
Your spell library was empty.

Dungeon Overview and Level Annotations

Branches:
Dungeon (10/15)            Temple (0/1) D:5            Lair (5/5) D:10
 Shoals (1/4) Lair:2       Spider (0/4) Lair:3        Slime (0/5) Lair:4
    Orc (2/2) D:10          Sewer (visited)
    Elf: Orc:2

Altars:
Elyvilon
Fedhas
Okawaru
Ru
Sif Muna
Trog
Wu Jian
Xom
Zin
Jiyva

Shops:
D:4 (!   D:8 =   D:9 (   Orc:2 (:

Annotations:
Lair:3 1 runed translucent door, nubinia's ghost, journeyman GrEE


Innate Abilities, Weirdness & Mutations

You have a pair of horns on your head.
You reflexively headbutt those who attack you in melee.


Message History

You kill the orc warrior!
Trog accepts your kill.
You fly downwards.
The orc warlord hits you with a +1 long sword!!
The orc knight barely misses you.
The orc knight hits you with a +0 battleaxe.
The orc warlord hits you with a +1 long sword!
There is a stone staircase leading up, spattered with blood here.
The orc warlord closely misses you. The orc knight barely misses you.
You furiously retaliate!
You headbutt the orc knight!
You fly upwards.
There is a stone staircase leading down here.
A red film seems to cover your vision as you go berserk!
You feel yourself moving faster!
You feel mighty!
The orc knight hits you with a +0 battleaxe!!
The orc warlord hits you with a +1 long sword!!!
* * * LOW HITPOINT WARNING * * *
The orc warlord blocks your attack.
You chop the orc knight into pieces!!! The orc knight closely misses you.
You furiously retaliate!
You headbutt the orc knight!
You feel the power of Trog in you as your rage grows.
You kill the orc knight!
Trog accepts your kill.
The orc warlord hits you with a +1 long sword!!
* * * LOW HITPOINT WARNING * * *
You are too berserk!
You are too berserk!
The orc warlord blocks your attack.
Your headbutt misses the orc warlord. The orc warlord blocks your attack.
The orc warlord completely misses you. You furiously retaliate!
You headbutt the orc warlord!! The orc warlord blocks your attack.
You headbutt the orc warlord, but do no damage.
The orc warlord is lightly wounded.
The orc warlord closely misses you. The orc warlord blocks your attack. x2
The orc warlord is lightly wounded.
You slice the orc warlord!! The orc warlord blocks your attack.
The orc warlord is moderately wounded.
The orc warlord hits you with a +1 long sword!!
You die...

##..........# ##
#.......#...# ##.
##.....#...### #..
##.........#.## ##..
#....[[...#...# #...
##............# ##..
##........#...## ##.
#.[[....###....# ##.
#.)@.....###..## #..
#.o......##..#####..
##.......#....#.#...
#..................#
##.......#..#.#.....
###.........#.#..##
##.#............^#.
#.........))......#
##.......##.)#.....


You could see an orc warlord (strong).

Vanquished Creatures
  Fannar (D:10)
  3 hydras
  A boulder beetle (D:10)
  A catoblepas (Lair:3)
  9 death yaks
  An orc high priest (Orc:2)
  Urug (D:10)
  A skyshark (Lair:3)
  An orc knight (Orc:1)
  Pikel (D:6)
  2 orc sorcerers
  A manticore (Lair:1)
  18 elephants
  6 black mambas
  12 cane toads
  5 rime drakes
  11 komodo dragons
  3 trolls
  A merfolk (D:10)
  A meliai (Lair:3)
  Grinder (D:5)
  3 hornets (Lair:5)
  7 polar bears
  19 blink frogs
  3 dream sheep (Lair:5)
  A wind drake (Lair:1)
  Sigmund (D:2)
  11 spriggans
  6 wyverns
  2 basilisks
  A human (D:10)
  A fire bat (D:6)
  7 vampire mosquitoes
  35 yaks
  Menkaure (D:6)
  A steam dragon (D:7)
  18 water moccasins
  2 ice beasts
  15 orc warriors
  4 black bears
  A swamp drake (D:10)
  4 boggarts (Lair:5)
  4 centaurs
  10 ogres
  25 wolves
  2 phantoms
  3 kobold brigands
  8 bullfrogs
  A gnoll sergeant (D:5)
  2 scorpions
  4 wights (D:7)
  3 killer bees (Lair:3)
  An electric eel (Lair:4)
  2 howler monkeys (D:9)
  4 crimson imps (D:4)
  5 hounds
  4 jellies
  13 orc priests
  Ijyb (D:5)
  2 sleepcaps (D:7)
  An iguana (D:6)
  16 orc wizards
  5 adders
  4 gnolls
  3 river rats (Sewer)
  2 white imps
  4 ufetubi
  4 worms
  3 dart slugs
  52 orcs
  9 endoplasms
  5 giant cockroaches
  5 goblins
  6 hobgoblins
  8 jackals
  5 quokkas (D:4)
  8 ball pythons
  10 bats
  3 frilled lizards
  9 kobolds
  5 rats
  3 butterflies (Lair:2)
488 creatures vanquished.

Vanquished Creatures (others)
  A yak (Lair:1)
  4 kobolds (D:10)
5 creatures vanquished.

Grand Total: 493 creatures vanquished

Notes
Turn   | Place    | Note
-------+----------+-------------------------------------------
     0 | D:1      | Elmgren the Minotaur Berserker began the quest for the Orb.
     0 | D:1      | Reached XP level 1. HP: 19/19 MP: 0/0
   240 | D:1      | Reached XP level 2. HP: 27/27 MP: 1/1
   651 | D:1      | Reached XP level 3. HP: 33/33 MP: 2/2
   778 | D:1      | Reached ** piety under Trog
  1075 | D:2      | Noticed Sigmund
  1085 | D:2      | Killed Sigmund
  1086 | D:2      | Reached skill level 5 in Fighting
  1086 | D:2      | Reached skill level 5 in Axes
  1086 | D:2      | Reached XP level 4. HP: 29/42 MP: 3/3
  1086 | D:2      | Reached XP level 5. HP: 33/48 MP: 4/4
  1858 | D:3      | Found a faded altar of an unknown god.
  2205 | D:3      | Found a shimmering blue altar of Sif Muna.
  2239 | D:3      | Found a bloodstained altar of Trog.
  2433 | D:4      | Found Huniolaz's Distillery.
  2450 | D:4      | Reached XP level 6. HP: 50/57 MP: 5/5
  2504 | D:4      | Found Quimm's Antique Weapon Shop.
  2708 | D:4      | Identified the staff of cold "Dutiacoz" {Fragile rElec rC+
                  | Int+3}
  2761 | D:4      | Reached skill level 5 in Armour
  2762 | D:4      | Reached *** piety under Trog
  2783 | D:4      | Found a shimmering altar of Xom.
  2883 | D:4      | Found a glowing drain.
  2901 | Sewer    | Entered a sewer
  2909 | Sewer    | Reached XP level 7. HP: 58/64 MP: 6/6
  3182 | Sewer    | Found a white marble altar of Elyvilon.
  3308 | D:4      | Identified the +2 dagger "Xaowevus" {holy, rElec}
  3494 | D:5      | Entered Level 5 of the Dungeon
  3512 | D:5      | Noticed Grinder
  3515 | D:5      | Paralysed by Grinder for 4 turns
  3585 | D:5      | Killed Grinder
  3733 | D:5      | Noticed Ijyb
  3739 | D:5      | Found an ornate altar of the Wu Jian Council.
  3755 | D:5      | Killed Ijyb
  3756 | D:5      | Reached XP level 8. HP: 46/73 MP: 7/7
  3956 | D:5      | Found a staircase to the Ecumenical Temple.
  5315 | D:6      | Noticed Menkaure
  5324 | D:6      | Killed Menkaure
  5612 | D:6      | Reached **** piety under Trog
  5714 | D:6      | Found a transporter.
  5769 | D:6      | Noticed Pikel
  5774 | D:6      | Killed Pikel
  5775 | D:6      | Reached XP level 9. HP: 83/83 MP: 8/8
  6193 | D:6      | Found a transporter.
  6703 | D:7      | Reached skill level 10 in Fighting
  6985 | D:7      | Reached skill level 10 in Axes
  7460 | D:7      | Reached skill level 10 in Armour
  7863 | D:7      | Reached XP level 10. HP: 66/90 MP: 9/9
  8611 | D:8      | Found Ugucaqeu's Jewellery Emporium.
  8612 | D:8      | Found an iron altar of Okawaru.
  8621 | D:8      | Bought a ring of flight for 210 gold pieces
  8657 | D:8      | Found a glowing silver altar of Zin.
  9257 | D:9      | Found a white marble altar of Elyvilon.
  9285 | D:9      | Identified the +10 short sword of Jybipet {heavy, rF++
                  | MP+9}
  9679 | D:9      | Identified the +0 chain mail of the Valley of Death {Str+2
                  | Dex-4 Stlth+}
  9682 | D:9      | Found Dogakem's Weapon Emporium.
  9698 | D:9      | Bought a +2 broad axe of venom for 201 gold pieces
 10110 | D:10     | Entered Level 10 of the Dungeon
 10127 | D:10     | Reached ***** piety under Trog
 10514 | D:10     | Found a transporter.
 10516 | D:10     | Noticed a boulder beetle
 10518 | D:10     | Found a transporter.
 10550 | D:10     | Found a blossoming altar of Fedhas.
 10672 | D:10     | Noticed Fannar
 10690 | D:10     | Killed Fannar
 11001 | D:10     | Noticed Urug
 11293 | D:10     | Killed Urug
 11547 | D:10     | Found a sacrificial altar of Ru.
 11583 | D:10     | Killed a boulder beetle
 11584 | D:10     | Reached XP level 11. HP: 105/105 MP: 10/10
 11743 | D:10     | Found a staircase to the Orcish Mines.
 11931 | D:10     | Found a staircase to the Lair.
 12006 | Lair:1   | Entered Level 1 of the Lair of Beasts
 12344 | Lair:1   | Noticed a death yak
 12344 | Lair:1   | Noticed a death yak
 12351 | Lair:1   | Noticed a death yak
 12352 | Lair:1   | Noticed a death yak
 12352 | Lair:1   | Noticed a death yak
 12357 | Lair:1   | Killed a death yak
 12361 | Lair:1   | Killed a death yak
 12363 | Lair:1   | Killed a death yak
 12367 | Lair:1   | Killed a death yak
 12367 | Lair:1   | Killed a death yak
 12673 | Lair:1   | Reached XP level 12. HP: 117/117 MP: 11/11
 13307 | Lair:1   | Noticed a seven-headed hydra
 13314 | Lair:1   | Killed a 12-headed hydra
 13642 | Lair:2   | Found a staircase to the Shoals.
 13773 | Lair:2   | Received a gift from Trog
 13782 | Lair:2   | Reached skill level 15 in Fighting
 14191 | Lair:2   | You are sucked into a shaft and drop 2 floors!
 14199 | Lair:3   | Reached skill level 15 in Axes
 14276 | Lair:3   | Found a hole to the Spider Nest.
 14793 | Lair:3   | Noticed a catoblepas
 14800 | Lair:3   | Killed a catoblepas
 14801 | Lair:3   | Reached skill level 15 in Armour
 15067 | Lair:3   | Found a runed translucent door.
 15070 | Lair:3   | Noticed nubinia's ghost (journeyman GrEE)
 15071 | Lair:3   | Identified the +1 spear of Doom {speed, Str+4}
 15287 | Lair:3   | Identified the +10 short sword "Hohuleje" {venom, rF+
                  | Str+5}
 15539 | Lair:3   | Reached XP level 13. HP: 128/128 MP: 12/12
 16890 | Shoals:1 | Entered Level 1 of the Shoals
 17321 | Lair:4   | Found a staircase to the Slime Pits.
 17321 | Lair:4   | Found a viscous altar of Jiyva.
 17845 | Lair:5   | Entered Level 5 of the Lair of Beasts
 18200 | Lair:5   | Received a gift from Trog
 18799 | Lair:5   | Reached XP level 14. HP: 127/140 MP: 13/13
 19533 | Lair:5   | Received a gift from Trog
 20056 | Orc:1    | Entered Level 1 of the Orcish Mines
 20306 | Orc:2    | Entered Level 2 of the Orcish Mines
 20397 | Orc:2    | Found Inecvaeq's Antique Weapon Boutique.
 20572 | Orc:2    | Found Cijar's Book Shoppe.
 20671 | Orc:2    | Noticed an orc warlord
 20766 | Orc:1    | Slain by an orc warlord

Illustrated notes

Levels and vault maps discovered:
D:1:      minmay_arrival_loop, layout_loops_corners
D:2:      layout_rooms, uniq_sigmund
D:3:      layout_loops_ring, nzn_overflow_gifts_of_might_and_magic,
          hellmonk_ecumenical_altar_lost_god, minivault_27, amethyst_killhole
D:4:      nicolae_cairo_tiling_large_dashed, layout_loops_cross, led_xom_imps,
          gup_sewer_entry_pipe, serial_shops, shop, shop
D:5:      layout_layer_cave, lemuel_tele_altar, minmay_temple_entry_poolview,
          uniq_ijyb, uniq_grinder
D:6:      gammafunk_cloud_chamber, layout_basic, uniq_pikel, uniq_menkaure
D:7:      layout_loops_corners
D:8:      minmay_goldmine, layout_cave_pools, okawaru_ov_weapons_minmay,
          mainiacjoe_overflow_alcove_1, serial_shops, shop
D:9:      layout_loops_ring, mainiacjoe_overflow_concentric_impassable,
          serial_shops, shop_statue
D:10:     gammafunk_boulding_lane, layout_long_grid, kennysheep_little_box,
          kennysheep_mini_moat, david_lair_shrubbed, erik_orc_1,
          chequers_serial_rivers_micro_d, hangedman_stone_soup,
          blue_anna_alchemist, uniq_fannar, uniq_urug
Lair:1:   cheibrodos_lair_river_kwai, layout_chaotic_city
Lair:2:   layout_cave_pods, minmay_shoals_entry_beasts, lemuel_fruit_fields,
          grunt_megastairs_4, lemuel_fruit_tree, lemuel_fruit_fields
Lair:3:   layout_cave_pods, hellmonk_spider_entry_not_the_bees,
          ebering_ghost_funeral_grove, chequers_serial_rivers_micro_d
Lair:4:   layout_regular_city, nicolae_slime_entry_slimehenge,
          serial_bayou_shore_a, infiniplex_staircase_pool_2
Lair:5:   minmay_lair_end_enchanted_forest, layout_regular_city
Shoals:1: layout_shoals, uniq_josephine, uniq_kirke
Orc:1:    layout_caves, minmay_orc_temple_c
Orc:2:    grunt_orc_gardens, layout_caves, grunt_orc_garden, grunt_orc_garden,
          grunt_orc_garden, grunt_orc_garden

Skill      XL: |  1  2  3  4  5  6  7  8  9 10 11 12 13 14 |
---------------+-------------------------------------------+-----
Fighting       | 4 5 6 7 9 10 12 14 15 17 | 17.9
Axes           | 4 5 6 7 9 10 12 13 15 17 | 17.6
Armour         | 3 4 5 6 8 10 12 13 15 16 17 | 17.4
Dodging        | |  2.1

Action                     |  1- 3 |  4- 6 |  7- 9 | 10-12 | 13-15 || total
---------------------------+-------+-------+-------+-------+-------++-------
  Melee: Hand axe          |    75 |   117 |   228 |    80 |       ||   500
         Headbutt          |     7 |    15 |    44 |    69 |    45 ||   180
         Punch             |       |       |     1 |     6 |     3 ||    10
         Broad axe         |       |       |       |   307 |   308 ||   615
 Invoke: Berserk           |       |       |     1 |    10 |     4 ||    15
         Trog's Hand       |       |       |     1 |       |       ||     1
    Use: Scroll            |       |    12 |     1 |     1 |    12 ||    26
         Potion            |       |       |       |     1 |       ||     1
   Stab: Distracted        |     1 |       |       |       |       ||     1
 Armour: Ring mail         |    27 |     7 |    36 |    16 |       ||    86
         Animal skin       |     2 |       |       |       |       ||     2
         Scale mail        |       |    26 |    25 |       |       ||    51
         Plate armour      |       |       |       |    31 |       ||    31
         Chain mail        |       |       |       |   200 |   278 ||   478
  Dodge: Dodged            |    50 |    69 |   143 |   240 |   226 ||   728

Table legend: (Time is in decaauts)
 A = Elapsed time spent in this place.
 B = Non-inter-level travel time spent in this place.
 C = Inter-level travel time spent in this place.
 D = Time resting spent in this place.
 E = Time spent auto-exploring this place.
 F = Levels seen in this place.
 G = Mean time per level.
                   A        B        C        D        E       F      G
               +--------+--------+--------+--------+--------+-----+--------+
         Total |  21570 |  20750 |    820 |   5440 |  12181 |  19 | 1135.3 |
       Dungeon |  11866 |  11307 |    559 |   2446 |   7250 |  10 | 1186.6 |
          Lair |   8572 |   8324 |    248 |   2701 |   4485 |   5 | 1714.4 |
        Shoals |      1 |      1 |      0 |      0 |      0 |   1 |    1.0 |
  Orcish Mines |    751 |    740 |     11 |    197 |    291 |   2 |  375.5 |
         Sewer |    378 |    378 |      0 |     96 |    154 |   1 |  378.0 |
               +--------+--------+--------+--------+--------+-----+--------+

Top non-repeatable levels by time:
  Lair:3: 2057 daAuts
  Lair:5: 1971 daAuts
  Lair:1: 1838 daAuts
     D:9: 1615 daAuts
     D:5: 1590 daAuts
  Lair:2: 1548 daAuts
     D:6: 1482 daAuts
     D:7: 1403 daAuts
    D:10: 1324 daAuts
     D:8: 1245 daAuts
  Lair:4: 1156 daAuts
     D:1: 1031 daAuts
     D:4: 776 daAuts
     D:3: 764 daAuts
     D:2: 633 daAuts
